[ AOE2 MATCH · #507115524 ]
UnrankedGoths vs Dravidians
Player's team · WIN
[ REPLAY ANALYSIS · EXTRACTED FROM THE RECORDED GAME ]
Feudal
10:38
Castle
14:57
Imperial
40:12
| APM avg | 41.5 |
| APM peak | 84 |
| eAPM avg | 19.7 |
| Villagers / military | 207 / 1376 |
Focus
⚔️ 47.4% · 🌾 52.6%
Skirmisher ×440 · Scout Cavalry ×420 · Militia ×180 · Spearman ×177 · Hand Cannoneer ×84 · Bombard Cannon ×20
Feudal
8:33
Castle
26:28
Imperial
35:06
| APM avg | 41.5 |
| APM peak | 70 |
| eAPM avg | 28.5 |
| Villagers / military | 518 / 1379 |
Focus
⚔️ 35.8% · 🌾 64.2%
Skirmisher ×558 · Spearman ×333 · Scout Cavalry ×249 · Militia ×141 · Hand Cannoneer ×38 · Battle Elephant ×18
Match map
Initial resources + every placement click. Lines = walls · curves = elevation contours. ◆ gold · ⬟ stone · ● berries · ✦ relic · ◌ wall gap
Your base· ✓ Closed at 14:57 · 17t walls · 4 gate(s)
VENÓN | BOTZANGA's base· ✓ Closed at 26:28 · 5t walls · 3 gate(s)
Smoothed initial terrain · ◌ = detected wall gap · hover for details
Inputs per minute
— inhoftah - - VENÓN | BOTZANGA
Build order — inhoftah
First 150 of 891 actions detected
| 0:03 | Create | Villager (Male) |
| 0:03 | Create | Villager (Male) |
| 0:03 | Create | Villager (Male) |
| 0:05 | Build | House |
| 0:06 | Build | House |
| 0:19 | Create | Villager (Male) |
| 1:19 | Create | Villager (Male) |
| 1:54 | Create | Villager (Male) |
| 2:03 | Build | Lumber Camp |
| 2:36 | Create | Villager (Male) |
| 3:00 | Create | Villager (Male) |
| 3:03 | Create | Villager (Male) |
| 3:03 | Create | Villager (Male) |
| 3:37 | Build | House |
| 3:45 | Create | Villager (Male) |
| 3:51 | Build | House |
| 4:10 | Create | Villager (Male) |
| 4:29 | Create | Villager (Male) |
| 4:49 | Build | House |
| 4:59 | Create | Villager (Male) |
| 5:28 | Build | Mill |
| 5:31 | Create | Villager (Male) |
| 5:32 | Create | Villager (Male) |
| 5:32 | Create | Villager (Male) |
| 5:45 | Create | Villager (Male) |
| 6:34 | Create | Villager (Male) |
| 6:42 | Create | Villager (Male) |
| 7:16 | Build | Mining Camp |
| 7:32 | Create | Villager (Male) |
| 8:01 | Create | Villager (Male) |
| 8:21 | Build | Farm |
| 8:28 | Research | Feudal Age |
| 8:35 | Build | Farm |
| 9:02 | Build | Palisade Wall |
| 9:07 | Research | Loom |
| 9:13 | Build | Palisade Wall |
| 9:15 | Build | Palisade Wall |
| 9:18 | Build | Palisade Wall |
| 9:34 | Create | Villager (Male) |
| 9:38 | Build | Palisade Wall |
| 9:40 | Build | Palisade Wall |
| 10:31 | Build | Palisade Wall |
| 10:32 | Build | Palisade Wall |
| 10:32 | Build | Palisade Wall |
| 10:33 | Build | Palisade Wall |
| 10:33 | Build | Palisade Wall |
| 10:38 | Age | Feudal Age |
| 10:46 | Build | Market |
| 10:51 | Build | Blacksmith |
| 10:54 | Build | House |
| 10:58 | Create | Villager (Male) |
| 11:01 | Build | House |
| 11:50 | Build | Palisade Wall |
| 12:17 | Research | Castle Age |
| 14:33 | Build | House |
| 14:48 | Build | House |
| 14:57 | Age | Castle Age |
| 14:57 | Create | Villager (Male) |
| 15:03 | Build | Siege Workshop |
| 15:08 | Research | Double-Bit Axe |
| 15:14 | Build | Farm |
| 15:15 | Build | Farm |
| 15:16 | Build | Farm |
| 15:20 | Build | Farm |
| 15:21 | Create | Villager (Male) |
| 15:33 | Build | House |
| 15:36 | Create | Mangonel |
| 15:59 | Build | Farm |
| 16:03 | Create | Villager (Male) |
| 16:06 | Build | Farm |
| 16:09 | Build | Farm |
| 16:11 | Build | Farm |
| 16:20 | Create | Villager (Male) |
| 16:33 | Build | Farm |
| 16:35 | Create | Villager (Male) |
| 16:59 | Build | House |
| 17:01 | Create | Villager (Male) |
| 17:17 | Create | Villager (Male) |
| 17:57 | Create | Villager (Male) |
| 18:20 | Build | Farm |
| 18:21 | Build | Farm |
| 18:22 | Build | Farm |
| 18:24 | Create | Villager (Male) |
| 18:26 | Research | Horse Collar |
| 18:41 | Create | Villager (Male) |
| 19:03 | Create | Villager (Male) |
| 19:32 | Build | Palisade Gate |
| 19:37 | Create | Villager (Male) |
| 19:43 | Build | Town Center |
| 19:51 | Create | Villager (Male) |
| 19:56 | Research | Bow Saw |
| 19:57 | Research | Bow Saw |
| 20:18 | Create | Villager (Male) |
| 20:53 | Create | Mangonel |
| 21:00 | Build | Palisade Gate |
| 21:13 | Build | Palisade Gate |
| 21:16 | Build | Palisade Gate |
| 21:19 | Build | House |
| 21:27 | Create | Villager (Male) |
| 21:32 | Create | Villager (Male) |
| 21:52 | Create | Villager (Male) |
| 21:52 | Create | Villager (Male) |
| 21:57 | Build | Farm |
| 22:14 | Create | Villager (Male) |
| 22:26 | Build | Farm |
| 22:37 | Create | Mangonel |
| 22:38 | Create | Villager (Male) |
| 22:39 | Create | Villager (Male) |
| 22:44 | Build | Farm |
| 22:46 | Create | Villager (Male) |
| 23:13 | Build | Farm |
| 23:14 | Create | Villager (Male) |
| 23:30 | Create | Villager (Male) |
| 23:44 | Create | Villager (Male) |
| 23:44 | Create | Villager (Male) |
| 23:44 | Create | Villager (Male) |
| 23:57 | Create | Villager (Male) |
| 24:05 | Build | Farm |
| 24:06 | Build | Farm |
| 24:08 | Create | Villager (Male) |
| 24:27 | Create | Villager (Male) |
| 24:27 | Create | Villager (Male) |
| 24:27 | Create | Villager (Male) |
| 24:31 | Build | House |
| 24:39 | Build | Outpost |
| 24:48 | Build | Town Center |
| 24:53 | Create | Villager (Male) |
| 25:02 | Create | Villager (Male) |
| 25:08 | Build | Farm |
| 25:10 | Build | Farm |
| 25:15 | Build | House |
| 25:18 | Create | Villager (Male) |
| 25:24 | Build | Barracks |
| 25:27 | Create | Villager (Male) |
| 25:31 | Create | Villager (Male) |
| 25:33 | Create | Villager (Male) |
| 25:35 | Build | Farm |
| 25:36 | Build | Farm |
| 25:46 | Research | Town Watch |
| 25:51 | Build | House |
| 25:52 | Build | House |
| 25:56 | Build | Farm |
| 25:57 | Build | Farm |
| 25:59 | Create | Villager (Male) |
| 26:17 | Create | Villager (Male) |
| 26:17 | Create | Villager (Male) |
| 26:28 | Build | Stable |
| 26:34 | Research | Scale Barding Armor |
| 26:34 | Create | Villager (Male) |
| 26:35 | Build | Farm |
Build order — VENÓN | BOTZANGA
First 150 of 1354 actions detected
| 0:01 | Create | Villager (Male) |
| 0:02 | Create | Villager (Male) |
| 0:02 | Create | Villager (Male) |
| 0:03 | Build | House |
| 0:04 | Build | House |
| 0:10 | Create | Villager (Male) |
| 0:10 | Create | Villager (Male) |
| 1:35 | Create | Villager (Male) |
| 1:35 | Create | Villager (Male) |
| 1:43 | Create | Villager (Male) |
| 1:43 | Create | Villager (Male) |
| 1:47 | Build | Lumber Camp |
| 2:28 | Create | Villager (Male) |
| 2:28 | Create | Villager (Male) |
| 2:51 | Create | Villager (Male) |
| 2:52 | Create | Villager (Male) |
| 3:01 | Build | House |
| 3:28 | Create | Villager (Male) |
| 3:28 | Create | Villager (Male) |
| 3:47 | Create | Villager (Male) |
| 3:47 | Create | Villager (Male) |
| 4:11 | Create | Villager (Male) |
| 4:12 | Create | Villager (Male) |
| 4:12 | Create | Villager (Male) |
| 4:54 | Research | Loom |
| 5:00 | Create | Villager (Male) |
| 5:10 | Create | Villager (Male) |
| 5:27 | Build | Mining Camp |
| 5:51 | Build | House |
| 5:57 | Research | Loom |
| 6:20 | Research | Feudal Age |
| 7:37 | Create | Villager (Male) |
| 7:55 | Build | Barracks |
| 8:07 | Create | Villager (Male) |
| 8:32 | Create | Villager (Male) |
| 8:33 | Age | Feudal Age |
| 8:42 | Create | Militia |
| 8:42 | Create | Militia |
| 9:06 | Build | Watch Tower |
| 9:06 | Create | Villager (Male) |
| 9:14 | Research | Man-at-Arms (upgrade) |
| 9:16 | Create | Villager (Male) |
| 9:26 | Build | House |
| 10:11 | Create | Villager (Male) |
| 10:13 | Build | Mill |
| 10:32 | Create | Villager (Male) |
| 10:32 | Create | Villager (Male) |
| 10:51 | Build | Watch Tower |
| 11:08 | Build | Palisade Wall |
| 11:09 | Build | Palisade Wall |
| 11:29 | Build | House |
| 11:49 | Build | House |
| 11:59 | Create | Villager (Male) |
| 12:00 | Create | Villager (Male) |
| 12:39 | Build | House |
| 12:41 | Create | Villager (Male) |
| 12:42 | Create | Villager (Male) |
| 12:51 | Create | Villager (Male) |
| 12:51 | Create | Villager (Male) |
| 13:10 | Build | Outpost |
| 13:11 | Create | Villager (Male) |
| 13:28 | Build | Watch Tower |
| 13:35 | Build | Blacksmith |
| 13:37 | Create | Villager (Male) |
| 13:37 | Create | Villager (Male) |
| 13:41 | Create | Villager (Male) |
| 14:27 | Build | Watch Tower |
| 14:29 | Create | Villager (Male) |
| 14:36 | Build | Farm |
| 14:36 | Build | Farm |
| 14:37 | Build | Farm |
| 14:37 | Build | Farm |
| 14:50 | Create | Villager (Male) |
| 14:55 | Build | Stone Wall |
| 14:55 | Build | Stone Wall |
| 14:56 | Build | Stone Wall |
| 14:57 | Build | Stone Wall |
| 14:58 | Create | Villager (Male) |
| 15:06 | Research | Horse Collar |
| 15:09 | Research | Double-Bit Axe |
| 15:26 | Create | Villager (Male) |
| 15:39 | Build | Outpost |
| 15:45 | Create | Villager (Male) |
| 16:02 | Create | Villager (Male) |
| 16:02 | Create | Villager (Male) |
| 16:14 | Create | Villager (Male) |
| 16:14 | Create | Villager (Male) |
| 16:24 | Create | Villager (Male) |
| 16:40 | Research | Fletching |
| 16:47 | Build | Archery Range |
| 17:03 | Create | Villager (Male) |
| 17:07 | Build | Stable |
| 17:08 | Create | Villager (Male) |
| 17:15 | Build | Farm |
| 17:16 | Build | Farm |
| 17:17 | Create | Villager (Male) |
| 17:43 | Create | Villager (Male) |
| 18:02 | Build | Mining Camp |
| 18:02 | Create | Villager (Male) |
| 18:07 | Build | Farm |
| 18:09 | Build | Farm |
| 18:09 | Create | Villager (Male) |
| 18:14 | Build | Farm |
| 18:14 | Create | Villager (Male) |
| 18:14 | Create | Villager (Male) |
| 18:19 | Create | Scout Cavalry |
| 18:21 | Create | Villager (Male) |
| 18:28 | Create | Villager (Male) |
| 18:33 | Create | Scout Cavalry |
| 18:42 | Build | Farm |
| 18:42 | Build | Farm |
| 18:42 | Build | Farm |
| 18:42 | Build | Farm |
| 18:48 | Create | Villager (Male) |
| 19:01 | Build | Farm |
| 19:04 | Create | Villager (Male) |
| 19:15 | Create | Villager (Male) |
| 19:31 | Research | Forging |
| 19:51 | Create | Villager (Male) |
| 20:01 | Create | Villager (Male) |
| 20:06 | Create | Villager (Male) |
| 20:10 | Build | Farm |
| 20:11 | Build | Farm |
| 20:17 | Build | Market |
| 20:26 | Create | Villager (Male) |
| 20:54 | Build | Watch Tower |
| 21:01 | Create | Villager (Male) |
| 21:04 | Build | House |
| 21:07 | Build | Lumber Camp |
| 21:09 | Build | Farm |
| 21:09 | Build | Farm |
| 21:09 | Build | Farm |
| 21:10 | Build | Farm |
| 21:10 | Build | Farm |
| 21:10 | Build | Farm |
| 21:12 | Create | Villager (Male) |
| 21:14 | Create | Villager (Male) |
| 21:14 | Create | Villager (Male) |
| 21:28 | Build | Outpost |
| 21:35 | Create | Villager (Male) |
| 21:37 | Build | House |
| 21:43 | Research | Wheelbarrow |
| 21:44 | Create | Villager (Male) |
| 21:57 | Build | Outpost |
| 22:00 | Create | Villager (Male) |
| 22:10 | Create | Villager (Male) |
| 22:24 | Create | Villager (Male) |
| 22:31 | Build | House |
| 22:37 | Build | Farm |
| 22:38 | Build | Farm |
Match timeline
| 7:55 | VENÓN | BOTZANGA · first_building Barracks |
| 8:33 | VENÓN | BOTZANGA · age_up feudal |
| 9:02 | inhoftah · wall_segment Palisade Wall x4 |
| 9:13 | inhoftah · wall_segment Palisade Wall x1 |
| 9:15 | inhoftah · wall_segment Palisade Wall x1 |
| 9:18 | inhoftah · wall_segment Palisade Wall x1 |
| 9:38 | inhoftah · wall_segment Palisade Wall x4 |
| 9:40 | inhoftah · wall_segment Palisade Wall x1 |
| 10:31 | inhoftah · wall_segment Palisade Wall x1 |
| 10:32 | inhoftah · wall_segment Palisade Wall x1 |
| 10:32 | inhoftah · wall_segment Palisade Wall x1 |
| 10:33 | inhoftah · wall_segment Palisade Wall x1 |
| 10:33 | inhoftah · wall_segment Palisade Wall x1 |
| 10:38 | inhoftah · age_up feudal |
| 11:08 | VENÓN | BOTZANGA · wall_segment Palisade Wall x1 |
| 11:09 | VENÓN | BOTZANGA · wall_segment Palisade Wall x1 |
| 11:39 | inhoftah · first_market_sell 100 wood |
| 11:50 | inhoftah · wall_segment Palisade Wall x1 |
| 12:08 | inhoftah · first_market_buy 100 food |
| 14:55 | VENÓN | BOTZANGA · wall_segment Stone Wall x1 |
| 14:55 | VENÓN | BOTZANGA · wall_segment Stone Wall x1 |
| 14:56 | VENÓN | BOTZANGA · wall_segment Stone Wall x1 |
| 14:57 | inhoftah · age_up castle |
| 14:57 | VENÓN | BOTZANGA · wall_segment Stone Wall x1 |
| 15:03 | inhoftah · first_building Siege Workshop |
| 16:47 | VENÓN | BOTZANGA · first_building Archery Range |
| 17:07 | VENÓN | BOTZANGA · first_building Stable |
| 23:07 | VENÓN | BOTZANGA · first_market_buy 100 food |
| 23:07 | VENÓN | BOTZANGA · first_market_sell 100 wood |
| 25:24 | inhoftah · first_building Barracks |
| 26:28 | inhoftah · first_building Stable |
| 26:28 | VENÓN | BOTZANGA · age_up castle |
| 26:44 | VENÓN | BOTZANGA · first_building Siege Workshop |
| 27:51 | inhoftah · wall_segment Palisade Wall x1 |
| 27:54 | inhoftah · wall_segment Palisade Wall x1 |
| 29:26 | VENÓN | BOTZANGA · first_building Castle |
| 30:42 | inhoftah · first_building Castle |
| 35:06 | VENÓN | BOTZANGA · age_up imperial |
| 40:12 | inhoftah · age_up imperial |
| 41:46 | VENÓN | BOTZANGA · wall_segment Stone Wall x12 |
| 42:43 | VENÓN | BOTZANGA · wall_segment Stone Wall x7 |
| 43:28 | VENÓN | BOTZANGA · wall_segment Stone Wall x2 |
| 44:12 | VENÓN | BOTZANGA · wall_segment Stone Wall x1 |
| 46:01 | inhoftah · first_building Monastery |
| 46:05 | VENÓN | BOTZANGA · wall_segment Stone Wall x14 |
| 46:19 | inhoftah · first_building Archery Range |
| 48:23 | VENÓN | BOTZANGA · wall_segment Stone Wall x7 |
| 52:46 | VENÓN | BOTZANGA · wall_segment Stone Wall x7 |
| 52:48 | VENÓN | BOTZANGA · wall_segment Stone Wall x2 |
| 53:15 | VENÓN | BOTZANGA · wall_segment Stone Wall x1 |
| 55:57 | VENÓN | BOTZANGA · wall_segment Stone Wall x6 |
| 55:58 | VENÓN | BOTZANGA · wall_segment Stone Wall x1 |
| 56:47 | VENÓN | BOTZANGA · first_building Monastery |
| 88:19 | VENÓN | BOTZANGA · wall_segment Stone Wall x3 |
| 88:20 | VENÓN | BOTZANGA · wall_segment Stone Wall x5 |
| 90:10 | VENÓN | BOTZANGA · wall_segment Palisade Wall x1 |
| 102:16 | VENÓN | BOTZANGA · resign |
[ AI ANALYSIS · 1 CREDIT ]
What really happened in this match?
Wolo.gg analyzes every decision: build order, eco, micro, common mistakes by bracket. Personalized analysis on WhatsApp or Discord in 30 seconds.
Civ guide
Goths
Perfil
Jugador #3940090